 Dungeon Crawl Stone Soup version 0.17-a0-2231-gd80ca38 (webtiles) character file.

83 Gingerlord the Poker (level 4, 0/34 HPs)
             Began as a Merfolk Skald on Nov 2, 2015.
             Slain by a gnoll
             ... wielding a +0 club
              (6 damage)
             ... on level 3 of the Dungeon.
             The game lasted 00:05:54 (2431 turns).

Gingerlord the Poker (Merfolk Skald)                Turns: 2431, Time: 00:05:54

Health: 0/34       AC:  3    Str: 12    XL:     4   Next: 44%
Magic:  6/7        EV: 12    Int: 11    God:
Gold:   170        SH:  0    Dex: 14    Spells: 3 memorised, 1 level left

rFire  . . .     SeeInvis .     a - +0 spear
rCold  . . .     Clarity  .     b - +0 leather armour
rNeg   . . .     SustAt   .     (no shield)
rPois  .         Gourm    .     (no helmet)
rElec  .         Spirit   .     (no cloak)
rCorr  .         Warding  .     (no gloves)
rMut   .         Stasis   .     (no boots)
MR     .....                    (no amulet)
Stlth  +.........               (no ring)
                                (no ring)

@: very slightly contaminated, not resistant to hostile enchantments, very
unstealthy
A: change form in water, swift swim
a: no special abilities


You were on level 3 of the Dungeon.
You were hungry.

You visited 1 branch of the dungeon, and saw 3 of its levels.

You collected 170 gold pieces.

Inventory:

Hand Weapons
 a - a +0 spear (weapon)
Armour
 b - a +0 leather armour (worn)
 f - a +0 chain mail
Scrolls
 h - a scroll of magic mapping {unknown}
 j - 2 scrolls of teleportation {unknown}
 m - 2 scrolls of blinking {unknown}
 n - 3 scrolls of identify {unknown}
 p - a scroll of recharging {unknown}
Potions
 e - a potion of brilliance {unknown}
 g - a potion of cancellation {unknown}
 i - a potion of flight {unknown}
 k - 4 potions of curing {unknown}
 l - a potion of might {unknown}
 o - a potion of mutation {unknown}
Books
 c - a book of Battle

   Spells                             Type                      Level
   a - Infusion                       Charms                       1
   b - Shroud of Golubria             Charms/Translocation         2
   c - Song of Slaying                Charms                       2
   d - Spectral Weapon                Hexes/Charms                 3
   e - Regeneration                   Charms/Necromancy            3
Comestibles
 d - a bread ration


   Skills:
 * Level 2.7 Fighting
 * Level 4.3 Polearms
 + Level 1.3 Armour
 + Level 2.6 Dodging
 + Level 2.2 Spellcasting
 + Level 3.5 Charms


You had one spell level left.
You knew the following spells:

 Your Spells              Type           Power        Failure   Level  Hunger
a - Infusion              Chrm           #.....       10%         1    ##.....
b - Spectral Weapon       Hex/Chrm       #.......     63%         3    ####...
c - Shroud of Golubria    Chrm/Tloc      #.........   30%         2    ###....


Dungeon Overview and Level Annotations

Branches:
Dungeon (3/15)

Altars:


Message History

The gnoll hits you with a club. The gnoll barely misses you.
You barely miss the gnoll.
The gnoll is heavily wounded.
The gnoll closely misses you.
You barely miss the gnoll.
The gnoll is lightly wounded.
The gnoll hits you with a club. The gnoll closely misses you.
The gnoll barely misses you.
You hit the gnoll.
The gnoll is heavily wounded.
The gnoll barely misses you. The gnoll misses you.
You hit the gnoll.
The gnoll is heavily wounded.
The gnoll barely misses you. The gnoll misses you. The gnoll barely misses you.
You hit the gnoll.
The gnoll is almost dead.
The gnoll hits you from afar with a halberd!
* * * LOW HITPOINT WARNING * * *
The gnoll barely misses you. The gnoll hits you with a club.
You die...

#.##<#
#.##.#
#.##.#
#.##.#
#######.##.#
#..........#
#.#####.####
#.#######g#
#.#
......ggg@#
#.#
######h####
#.# #. #.#
#. #.# #.
#.# .. ...
≈≈ ≈≈


You could see 4 gnolls and a jackal.

Vanquished Creatures
  An adder (D:2)
  2 oozes
  5 worms (D:2)
  A giant gecko (D:2)
  8 bats
  3 giant cockroaches
  4 hobgoblins
  A jackal (D:3)
  2 quokkas (D:2)
  A giant newt (D:2)
  9 goblins
  8 kobolds
  3 rats
48 creatures vanquished.

Notes
Turn   | Place    | Note
--------------------------------------------------------------
     0 | D:1      | Gingerlord the Merfolk Skald began the quest for the Orb.
     0 | D:1      | Reached XP level 1. HP: 16/16 MP: 3/3
   216 | D:1      | Reached XP level 2. HP: 9/23 MP: 5/5
   838 | D:1      | Reached skill level 1 in Armour
   911 | D:1      | Reached XP level 3. HP: 13/28 MP: 6/6
  1400 | D:2      | Reached skill level 4 in Polearms
  1522 | D:2      | Reached XP level 4. HP: 7/34 MP: 7/7
  1946 | D:2      | Learned a level 3 spell: Spectral Weapon
  1949 | D:2      | Learned a level 2 spell: Shroud of Golubria
  2431 | D:3      | Slain by a gnoll

Vault maps used:
D:1:      scummos_arrival_simple_crosswalls, minmay_liquid_box
D:3:      lemuel_castle_with_subvaults, overflow_temple_1_default

Action                   |  1- 3 |  4- 6 || total
-------------------------+-------+-------++-------
Melee: Spear             |   145 |   100 ||   245
 Cast: Infusion          |     1 |       ||     1
       Shroud of Golubri |       |     1 ||     1
 Stab: Sleeping          |     1 |     1 ||     2
  Eat: Chunk             |     2 |     1 ||     3
       Pizza             |       |     1 ||     1
